 Dungeon Crawl Stone Soup version 0.27-a0-1281-ge233d83751 (webtiles) character file.

Game seed: 16593638706067402313

1003 Grim the Zephyrmancer (level 8, -6/41 HPs)
             Began as a Tengu Air Elementalist on June 13, 2021.
             Was an Initiate of Vehumet.
             Mangled by an orc wizard (11 damage)
             ... on level 5 of the Dungeon.
             The game lasted 00:17:23 (9365 turns).

Grim the Zephyrmancer (Tengu Air Elementalist)      Turns: 9365, Time: 00:17:23

Health: -6/41      AC:  3    Str: 16    XL:     8   Next: 20%
Magic:  5/13       EV: 14    Int: 17    God:    Vehumet [......]
Gold:   127        SH:  0    Dex: 14    Spells: 3/13 levels left

rFire    . . .     SeeInvis .   g - +0 falchion
rCold    . . .     Faith    .   (no shield)
rNeg     . . .     Spirit   .   a - +0 robe
rPois    .         Reflect  .   (helmet restricted)
rElec    .         Harm     .   (no cloak)
rCorr    .         Rampage  .   h - +0 pair of gloves
Will     .....                  (boots unavailable)
Stlth    ++........             (no amulet)
HPRegen  0.13/turn              i - +6 ring of strength
MPRegen  0.13/turn              (no ring)

@: swift, flying quickly and evasively, very quick
A: beak, talons 3, nimble flight
a: Renounce Religion


You were on level 5 of the Dungeon.
You worshipped Vehumet.
Vehumet was noncommittal.
You visited 2 branches of the dungeon, and saw 6 of its levels.

You collected 127 gold pieces.

Inventory:

Hand Weapons
 g - a +0 falchion (weapon)
Armour
 a - a +0 robe (worn)
 h - a +0 pair of gloves (worn)
Jewellery
 i - a +6 ring of strength (left hand)
Wands
 d - a wand of flame (17)
 n - a wand of polymorph (7)
Scrolls
 c - a scroll of noise
 f - a scroll of amnesia {unknown}
 k - a scroll of fear {unknown}
 l - a scroll of acquirement {unknown}
Potions
 b - a potion of mutation {!q}
 e - a potion of attraction {unknown}
 j - 2 potions of degeneration {!q}
 m - a potion of curing


   Skills:
 - Level 2.1 Dodging
 - Level 2.0 Stealth
 * Level 3.2 Spellcasting
 - Level 7.7 Conjurations
 - Level 9.4 Air Magic


You had 3 spell levels left.
You knew the following spells:

 Your Spells              Type           Power      Damage    Failure   Level
a - Shock                 Conj/Air       100%       1d9       1%          1
b - Static Discharge      Conj/Air       31%        N/A       1%          2
c - Swiftness             Air            34%        N/A       1%          3
d - Airstrike             Air            17%        N/A       3%          4

Your spell library contained the following spells:

 Spells                   Type           Power      Damage    Failure   Level
 Lightning Bolt           Conj/Air       15%        1d29      14%         5


Dungeon Overview and Level Annotations

Branches:
Dungeon (5/15)             Temple (1/1) D:4

Altars:
Ashenzari
Cheibriados
Dithmenos
Elyvilon
Fedhas
Hepliaklqana
Kikubaaqudgha
Makhleb
Okawaru
Qazlal
Sif Muna
Trog
Uskayaw
Vehumet
Wu Jian
Xom
Yredelemnul
Zin
The Shining One

Annotations:
D:4 2 transporters, Essalna's ghost, amateur GrEE


Innate Abilities, Weirdness & Mutations

You have a beak for a mouth.
You have claws for feet.
Your magical nature lets you fly swiftly and evasively.


Message History

You kill the orc priest!
Vehumet accepts your kill.
The orc is struck by an arc of lightning!
The orc is almost dead.
The orc priest is struck by an arc of lightning.
You kill the orc priest!
Vehumet accepts your kill.
The lightning grounds out.
Your Spellcasting skill increases to level 3!
Unknown command.
Casting: Static Discharge (safe; 1% risk of failure)
Confirm with . or Enter, or press ? or * to list all spells.
The orc wizard is struck by an arc of lightning!
The orc wizard is severely wounded.
You are struck by an arc of lightning.
The lightning grounds out.
The orc wizard hits you with a +1 dagger of distortion.
You blink.
A wight comes into view. It is wielding a +0 long sword.
A wight comes into view. It is wielding a +0 hand axe.
A wight comes into view. It is wielding a +3 battleaxe.
A wight comes into view. It is wielding a +0 spear.
The orc wizard casts a spell.
The orc wizard flickers and vanishes!
Deactivating autopickup; reactivate with Ctrl-A.
Casting: Static Discharge (safe; 1% risk of failure)
Confirm with . or Enter, or press ? or * to list all spells.
You don't know that spell.
Casting: Static Discharge (safe; 1% risk of failure)
Confirm with . or Enter, or press ? or * to list all spells.
You feel quick. The wight barely misses you. Something hits you.
Space warps horribly around you!!
Ouch! That really hurt!
* * * LOW HITPOINT WARNING * * *
The wight hits you with a +0 hand axe.
* * * LOW HITPOINT WARNING * * *
There is a dry fountain, spattered with blood here.
Something hits you.
* * * LOW HITPOINT WARNING * * *
Space warps horribly around you!
You die...

.........
#..........#
#...........
#..........
#.........
#z......##
#Z##..⌠..##
#.#z......#
#.o.⌠@.)).#
#......<..#
##..⌠.....#
##.......#
##..⌠..##
##...##
###..# ##.#
.


You could see a wight and an orc.

Vanquished Creatures
  Grinder (D:4)
  2 necrophages
  Blork the orc (D:4)
  A water moccasin skeleton (D:4)
  A centaur skeleton (D:4)
  4 orc priests
  An iguana (D:4)
  Ijyb (D:4)
  Natasha (thrice) (D:4)
  3 orc wizards (D:4)
  A hound skeleton (D:4)
  5 adders
  An ufetubus (D:4)
  An adder skeleton (D:4)
  2 worms (D:2)
  2 dart slugs
  12 orcs
  6 ball pythons
  6 bats
  9 endoplasms
  4 giant cockroaches
  5 goblins
  4 hobgoblins
  7 jackals
  8 quokkas
  2 frilled lizards
  5 kobolds
  5 rats
103 creatures vanquished.

Vanquished Creatures (others)
  A withered plant (D:3)
1 creature vanquished.

Grand Total: 104 creatures vanquished

Notes
Turn   | Place    | Note
-------+----------+-------------------------------------------
     0 | D:1      | Grim the Tengu Air Elementalist began the quest for the
                  | Orb.
     0 | D:1      | Reached XP level 1. HP: 10/10 MP: 4/4
   348 | D:1      | Reached XP level 2. HP: 15/15 MP: 4/6
  1071 | D:1      | Reached XP level 3. HP: 19/19 MP: 0/7
  1285 | D:1      | Learned a level 2 spell: Static Discharge
  1289 | D:1      | Learned a level 3 spell: Swiftness
  1702 | D:1      | Reached skill level 5 in Air Magic
  2413 | D:2      | Reached XP level 4. HP: 24/24 MP: 2/8
  2958 | D:3      | Found a faded altar of an unknown god.
  3409 | D:3      | Found an iron altar of Okawaru.
  3876 | D:3      | Gained mutation: Your magical nature lets you fly swiftly
                  | and evasively. [Tengu growth]
  3876 | D:3      | Reached XP level 5. HP: 28/28 MP: 4/9
  3882 | D:3      | Reached skill level 6 in Air Magic
  4423 | D:4      | Noticed a necrophage
  4631 | D:3      | HP: 1/26 [/static electricity (1)]
  4635 | D:3      | Killed a necrophage
  4636 | D:3      | Reached skill level 5 in Conjurations
  4636 | D:3      | Reached XP level 6. HP: 1/32 MP: 1/10
  4995 | D:4      | Reached skill level 7 in Air Magic
  5323 | D:4      | Noticed Natasha
  5327 | D:4      | Killed Natasha
  5471 | D:4      | Found a transporter.
  5476 | D:4      | Noticed Essalna's ghost (amateur GrEE)
  5515 | D:4      | Found a staircase to the Ecumenical Temple.
  5524 | D:4      | Noticed Natasha
  5527 | Temple   | Entered the Ecumenical Temple
  5534 | D:4      | Killed Natasha
  5535 | D:4      | Reached skill level 8 in Air Magic
  5775 | Temple   | Became a worshipper of Vehumet
  5810 | D:4      | Noticed Ijyb
  5816 | D:4      | Killed Ijyb
  5817 | D:4      | Reached XP level 7. HP: 31/36 MP: 0/11
  5906 | D:4      | Learned a level 4 spell: Airstrike
  5996 | D:4      | Noticed Natasha
  5999 | D:4      | Killed Natasha
  6381 | D:4      | Noticed Blork the orc
  6387 | D:4      | Killed Blork the orc
  6573 | D:4      | Found a transporter.
  6607 | D:4      | Noticed Grinder
  8666 | D:4      | Killed Grinder
  8667 | D:4      | Reached skill level 9 in Air Magic
  8667 | D:4      | Reached XP level 8. HP: 20/41 MP: 8/12
  9353 | D:5      | Entered Level 5 of the Dungeon
  9365 | D:5      | Mangled by an orc wizard

Illustrated notes

Levels and vault maps discovered:
D:1:      denvon_arrival_waterhouse, layout_basic
D:2:      layout_basic, minmay_misc_feat_enclosed, st_stairs_7
D:3:      layout_basic, lemuel_coloured_pillars_altar,
          ebering_ecumenical_altar_petrified, serial_co_window_serial,
          co_window_paths_b, co_window_paths_b, co_window_paths_b,
          co_window_of_opportunity_a, co_window_corner_a, co_window_corner_a,
          co_window_2corner, co_window_corner_ca, co_window_broadway_a,
          co_window_broadway_b, co_window_paths_e, glass_columns_a,
          glass_columns_b
D:4:      layout_layer_cave, minmay_temple_entry_ruins,
          gammafunk_ghost_stat_death, uniq_blork_the_orc, uniq_ijyb,
          uniq_grinder, uniq_natasha
D:5:      layout_cave_pods, grunt_ministairs_9
Temple:   dpeg_five_rooms_temple

Skill      XL: |  1  2  3  4  5  6  7  8 |
---------------+-------------------------+-----
Conjurations   | 2 3 4 5 6 7 |  7.7
Air Magic      | 5 6 8 9 |  9.4
Spellcasting   | 3 |  3.2
Dodging        | |  2.1
Stealth        | |  2.0

Action                   |  1- 3 |  4- 6 |  7- 9 || total
-------------------------+-------+-------+-------++-------
Melee: Kick              |       |     7 |     2 ||     9
       Falchion          |       |     4 |     4 ||     8
       Peck              |       |     2 |       ||     2
 Cast: Shock             |    80 |   117 |    30 ||   227
       Static Discharge  |     1 |    14 |     8 ||    23
       Airstrike         |       |       |     6 ||     6
       Swiftness         |       |       |     4 ||     4
  Use: Potion            |       |     2 |     2 ||     4
       Scroll            |       |       |     3 ||     3
Armor: Robe              |       |     8 |       ||     8
Dodge: Dodged            |     8 |    33 |    15 ||    56
       Rpst.: Falchion   |       |    11 |     5 ||    16

Table legend: (Time is in decaauts)
 A = Elapsed time spent in this place.
 B = Non-inter-level travel time spent in this place.
 C = Inter-level travel time spent in this place.
 D = Time resting spent in this place.
 E = Time spent auto-exploring this place.
 F = Levels seen in this place.
 G = Mean time per level.
                   A        B        C        D        E       F      G
               +--------+--------+--------+--------+--------+-----+--------+
         Total |   9186 |   8933 |    253 |   4580 |   3623 |   6 | 1531.0 |
       Dungeon |   6982 |   6759 |    223 |   2583 |   3469 |   5 | 1396.4 |
        Temple |   2204 |   2175 |     29 |   1997 |    154 |   1 | 2204.0 |
               +--------+--------+--------+--------+--------+-----+--------+

Top non-repeatable levels by time:
  Temple: 2204 daAuts
     D:3: 2152 daAuts
     D:4: 1920 daAuts
     D:1: 1880 daAuts
     D:2: 1019 daAuts
     D:5: 10 daAuts
